 Dungeon Crawl Stone Soup version 0.22.0-21-g8bd1b0a76a (webtiles) character file.

57 LLavrengius the Chiller (level 4, -2/33 HPs)
             Began as a Barachi Ice Elementalist on Aug 19, 2018.
             Was a Follower of Dithmenos.
             Slain by a bullfrog zombie (3 damage)
             ... on level 2 of the Dungeon.
             The game lasted 00:10:08 (2072 turns).

LLavrengius the Chiller (Barachi Ice Elementalist)  Turns: 2072, Time: 00:10:08

Health: -2/33      AC:  2    Str: 12    XL:     4   Next: 0%
Magic:  3/7        EV: 13    Int: 17    God:    Dithmenos [*.....]
Gold:   51         SH:  0    Dex: 12    Spells: 1/7 levels left

rFire    . . .     SeeInvis .   m - +0 hand axe
rCold    . . .     Gourm    .   (no shield)
rNeg     . . .     Faith    .   a - +0 robe
rPois    .         Spirit   .   (no helmet)
rElec    .         Reflect  .   (no cloak)
rCorr    .         Harm     .   (no gloves)
MR       .....                  (no boots)
Stlth    ++........             (no amulet)
HPRegen  0.11/turn              b - +3 ring of strength
MPRegen  0.10/turn              (no ring)

@: wreathed by umbra, slow
A: +LOS, swims, slowness 1, strong legs 1
a: Hop, Renounce Religion


You were on level 2 of the Dungeon.
You worshipped Dithmenos.
Dithmenos was aware of your devotion.
You were not hungry.

You visited 1 branch of the dungeon, and saw 2 of its levels.

You collected 51 gold pieces.

Inventory:

Hand Weapons
 m - a +0 hand axe (weapon)
Missiles
 d - 32 stones (quivered)
 i - 11 arrows
 l - 26 sling bullets
 p - 10 poisoned needles
Armour
 a - a +0 robe (worn)
 g - a +0 leather armour
Jewellery
 b - a +3 ring of strength (left hand)
Scrolls
 k - a scroll of identify {unknown}
 q - a scroll of magic mapping {unknown}
Potions
 e - a potion of curing {unknown}
 f - a potion of invisibility {unknown}
 j - a potion of mutation {unknown}
 n - a potion of might {unknown}
 o - a potion of flight {unknown}
Comestibles
 c - 4 rations
 h - 3 chunks of flesh


   Skills:
 + Level 1.7 Fighting
 + Level 2.9 Dodging
 - Level 2.0 Stealth
 - Level 2.2 Spellcasting
 + Level 1.9 Conjurations
 + Level 4.3 Ice Magic


You had one spell level left.
You knew the following spells:

 Your Spells              Type           Power        Failure   Level  Hunger
a - Freeze                Ice            ###.         3%          1    #......
b - Throw Frost           Conj/Ice       ##....       8%          2    ###....
c - Ozocubu's Armour      Chrm/Ice       #.......     24%         3    ###....

Your spell library contained the following spells:

 Spells                   Type           Power        Failure   Level  Hunger
 Throw Icicle             Conj/Ice       ##......     45%         4    #####..
 Summon Ice Beast         Ice/Summ       #.......     61%         4    #####..


Dungeon Overview and Level Annotations

Branches:
Dungeon (2/15)

Altars:
Dithmenos


Innate Abilities, Weirdness & Mutations

Shadows flee at your approach. (+LOS)
You can swim through water.
You cover ground slowly.
You can hop short distances.


Message History

The bullfrog zombie hits you but does no damage.
You are too injured to fight recklessly!
You are too injured to fight recklessly!
You hit the bullfrog zombie.
The bullfrog zombie is moderately damaged.
The bullfrog zombie closely misses you. x2
You hit the bullfrog zombie.
The bullfrog zombie is heavily damaged.
The bullfrog zombie hits you.
* * * LOW HITPOINT WARNING * * *
You barely miss the bullfrog zombie.
The bullfrog zombie is heavily damaged.
The bullfrog zombie completely misses you.
The bullfrog zombie barely misses you.
You barely miss the bullfrog zombie.
The bullfrog zombie is heavily damaged.
The bullfrog zombie hits you.
* * * LOW HITPOINT WARNING * * *
The bullfrog zombie hits you.
You die...

#.# #......>..##
######.###.###.......
#.........#....###.##
#.####.#.###.......)<
#.##.#.##.#.#.##
#.###.###.....## #.#
#.# #.#.#.##
##.##.####.#
#.###.......
.......Z@..#
#.........#.
#####..#####
#.#####.###. #. #.#
#.##.. # #.# #.##.#
#.# #.##.. #.###
#.###. .. #.# #. #.
#.# #. # #. #.# #.


You could see a bullfrog zombie.

Vanquished Creatures
  An adder (D:2)
  An ooze (D:1)
  3 dart slugs (D:1)
  A ball python (D:2)
  4 bats
  3 giant cockroaches
  6 hobgoblins
  2 jackals (D:1)
  3 kobolds
  3 quokkas (D:2)
  4 frilled lizards
  2 goblins (D:1)
  A rat (D:1)
34 creatures vanquished.

Notes
Turn   | Place    | Note
-------+----------+-------------------------------------------
     0 | D:1      | LLavrengius the Barachi Ice Elementalist began the quest for the Orb.
     0 | D:1      | Reached XP level 1. HP: 13/13 MP: 3/3
     0 | D:1      | Upgraded the game from 0.22.0-18-ge075c0de6d to 0.22.0-21-g8bd1b0a76a
   461 | D:1      | Reached XP level 2. HP: 17/20 MP: 0/5
   509 | D:1      | Learned a level 2 spell: Throw Frost
   589 | D:1      | Reached skill level 4 in Ice Magic
  1175 | D:1      | Reached skill level 1 in Fighting
  1221 | D:1      | Reached XP level 3. HP: 22/26 MP: 6/6
  1226 | D:1      | Learned a level 3 spell: Ozocubu's Armour
  1678 | D:2      | Found a faded altar of an unknown god.
  1704 | D:2      | Became a worshipper of Dithmenos the Shadowed
  1704 | D:2      | Reached * piety under Dithmenos
  1938 | D:2      | Reached XP level 4. HP: 30/33 MP: 4/7
  2072 | D:2      | HP: 1/33 [bullfrog zombie (4)]
  2072 | D:2      | Slain by a bullfrog zombie

Skill      XL: |  1  2 |
---------------+-------+-----
Stealth        | 2 |  2.0
Ice Magic      | 4 |  4.3
Fighting       | 1 |  1.7
Dodging        | |  2.9
Spellcasting   | |  2.2
Conjurations   | |  1.9

Action                   |  1- 3 |  4- 6 || total
-------------------------+-------+-------++-------
Melee: Club              |    43 |       ||    43
       Unarmed           |     2 |       ||     2
       Hand axe          |    35 |     7 ||    42
 Cast: Freeze            |    36 |     4 ||    40
       Throw Frost       |     6 |     1 ||     7
 Stab: Sleeping          |     5 |       ||     5
  Eat: Chunk             |     5 |       ||     5
Armor: Robe              |    32 |     2 ||    34
Dodge: Dodged            |   134 |     7 ||   141
